 Dungeon Crawl Stone Soup version 0.23.0-3-gf3c87f2 (webtiles) character file.

Game seed: 13777261267147189893

9 Inarius the Caller (level 2, 0/22 HPs)
             Began as a Naga Summoner on Feb 20, 2019.
             Killed from afar by a dart slug (7 damage)
             ... with a slug dart
             ... on level 1 of the Dungeon.
             The game lasted 00:01:04 (677 turns).

Inarius the Caller (Naga Summoner)                   Turns: 677, Time: 00:01:05

Health: 0/22       AC:  1    Str: 10    XL:     2   Next: 12%
Magic:  3/5        EV: 10    Int: 15    God:
Gold:   34         SH:  0    Dex: 11    Spells: 2/5 levels left

rFire    . . .     SeeInvis +   e - +0 dagger
rCold    . . .     Gourm    .   (no shield)
rNeg     . . .     Faith    .   a - +0 robe
rPois    +         Spirit   .   (no helmet)
rElec    .         Reflect  .   (no cloak)
rCorr    .         Harm     .   (no gloves)
MR       .....                  (no barding)
Stlth    ++........             (no amulet)
HPRegen  0.07/turn              (no ring)
MPRegen  0.09/turn              (no ring)

@: very slow
A: large, see invisible, deformed body, poison resistance, slowness 2, slow
metabolism 1, spit poison 1, AC +0
a: Spit Poison


You were on level 1 of the Dungeon.
You were not hungry.

You visited 1 branch of the dungeon, and saw 1 of its levels.

You collected 34 gold pieces.

Inventory:

Hand Weapons
 e - a +0 dagger (weapon)
Armour
 a - a +0 robe (worn)
Scrolls
 d - a scroll of enchant armour {unknown}
 f - a scroll of immolation {unknown}
 g - a scroll of noise {unknown}
Potions
 b - a potion of ambrosia {unknown}
 i - a potion of degeneration {unknown}
Comestibles
 c - 2 rations


   Skills:
 + Level 0.4 Short Blades
 + Level 1.5 Dodging
 + Level 3.0 Stealth
 + Level 2.1 Spellcasting
 + Level 4.3 Summonings


You had 2 spell levels left.
You knew the following spells:

 Your Spells              Type           Power        Failure   Level  Hunger
a - Summon Small Mammal   Summ           ##..         3%          1    #......
b - Call Imp              Summ           ##......     5%          2    ###....

Your spell library contained the following spells:

 Spells                   Type           Power        Failure   Level  Hunger
 Call Canine Familiar     Summ           ##......     11%         3    ###....
 Summon Guardian Golem    Hex/Summ       #.......     26%         3    ###....
 Summon Ice Beast         Ice/Summ       #.......     65%         4    #####..
 Summon Lightning Spire   Summ/Air       #.......     65%         4    #####..


Dungeon Overview and Level Annotations

Branches:
Dungeon (1/15)

Altars:


Innate Abilities, Weirdness & Mutations

You cannot wear boots.
Your serpentine skin is tough. (AC +0)
You have supernaturally acute eyesight. (SInv)
Armour fits poorly on your strangely shaped body.
Your system is resistant to poisons. (rPois)
You cover ground very slowly.
You have a slow metabolism.
You can spit poison.


Message History

You completely miss the kobold. The kobold closely misses you.
You hit the kobold but do no damage. The kobold hits you.
You barely miss the kobold. The kobold hits you.
You hit the kobold.
You kill the kobold!
The dart slug launches a dart at you. The slug dart hits you!
Casting: Summon Small Mammal (safe; 3% risk of failure)
Confirm with . or Enter, or press ? or * to list all spells.
A shadowy apparition takes form in the air.
The dart slug barely misses you.
Unknown command.
The dart slug bites you.
* * * LOW HITPOINT WARNING * * *
You hit the dart slug.
The dart slug is lightly wounded.
Your shadow imp barely misses the dart slug.
The dart slug launches a dart at you. The slug dart hits you!
You die...

#.# #.# ######.# #.# .......#
#.# ######## #.# #.# #.#
########## #.# .........#
#5#####.# ########.## #w@....#
###.......## #######..##
.).........## .#####
.(.(####...≈## ####.≈≈≈≈≈
##### #.§§≈§# #. #....≈... #
#..§§.#.#.###.§§≈≈.# #
#####..§§§#.#.#...§§§. #
#........§.#.#.#.≈§≈.#########
.
.........§.#.#...≈.....§§....#


You could see a dart slug and a friendly shadow imp.

Vanquished Creatures
  A dart slug (D:1)
  2 hobgoblins (D:1)
  A kobold (D:1)
4 creatures vanquished.

Vanquished Creatures (collateral kills)
  A goblin (D:1)
  A frilled lizard (D:1)
  A kobold (D:1)
3 creatures vanquished.

Grand Total: 7 creatures vanquished

Notes
Turn   | Place    | Note
-------+----------+-------------------------------------------
     0 | D:1      | Inarius the Naga Summoner began the quest for the Orb.
     0 | D:1      | Reached XP level 1. HP: 15/15 MP: 3/3
   288 | D:1      | Reached XP level 2. HP: 7/22 MP: 0/5
   562 | D:1      | Learned a level 2 spell: Call Imp
   677 | D:1      | Killed from afar by a dart slug

Action                   || total
-------------------------++-------
Melee: Dagger            ||    23
 Cast: Summon Small Mamm ||     7
       Call Imp          ||     1
Armor: Robe              ||     3
Dodge: Dodged            ||    16
